 Dungeon Sprint DCSS version 0.17-a0-764-gd40c196 (webtiles) character file.

11300000 namelastname112 the Grand Master (level 27, -15/266 HPs)
             Began as a Demonspawn Monk on Apr 23, 2015.
             Was the Champion of Makhleb.
             Killed from afar by an observer (35 damage)
             ... with a fireball
             ... in the Dungeon (Sprint VIII: "Arena of Blood").
             The game lasted 00:02:45 (113 turns).

namelastname112 the Grand Master (Demonspawn Monk)   Turns: 113, Time: 00:02:45

Health: -15/266    AC:  7    Str: 19    XL:     27
Magic:  54/54      EV: 46    Int: 13    God:    Makhleb [******]
Gold:   0          SH:  0    Dex: 30    Spells: 0 memorised, 80 levels left

rFire  + . .     SeeInvis .     i - +∞ Axe of Woe
rCold  . . .     Clarity  .     a - +0 robe
rNeg   . . .     SustAb   .     (no shield)
rPois  .         Gourm    .     (no helmet)
rElec  .         Spirit   .     (no cloak)
rCorr  .         Warding  .     (gloves unavailable)
rMut   .         NoTele   +     (no boots)
MR     ++...                    (no amulet)
Stlth  ++++++++++               (no ring)
                                (no ring)

@: mighty, agile, very resistant to hostile enchantments, uncannily stealthy
A: claws 3, rugged brown scales 3, fire resistance 1, hurl hellfire, powered by
pain 3, spiny 3, flame cloud immunity
a: Hellfire, Minor Destruction, Lesser Servant of Makhleb, Major Destruction,
Greater Servant of Makhleb, Renounce Religion


You were in the Dungeon.
You worshipped Makhleb.
Makhleb was exalted by your worship.
You were not hungry.

You visited 1 branch

Inventory:

Hand weapons
 i - the +∞ Axe of Woe (weapon)
   (You found it in the Dungeon)
Armour
 a - a +0 robe (worn)
Scrolls
 h - a scroll of blinking
Potions
 c - a potion of curing
 d - a potion of heal wounds
 e - a potion of haste
 f - 2 potions of magic
 g - a potion of berserk rage
Comestibles
 b - a bread ration


   Skills:
 O Level 27 Fighting
 O Level 27 Axes
 O Level 27 Throwing
 O Level 27 Armour
 O Level 27 Dodging
 O Level 27 Stealth
 O Level 27 Unarmed Combat
 O Level 27 Spellcasting
 O Level 27 Invocations


You had 80 spell levels left.
You didn't know any spells.

Dungeon Overview and Level Annotations

Branches:
Dungeon (1/1)

Altars:
Makhleb


Innate Abilities, Weirdness & Mutations

You have claws for hands.
You are completely covered in rugged brown scales (AC +3, +7% HP).
Your flesh is heat resistant.
You can hurl blasts of hellfire.
You are powered by pain.
You are completely covered in sharp spines.
You are immune to clouds of flame.


Message History

Makhleb accepts your kill.
You feel a little better.
You hear an angry hiss.
You hear a shout!
You hear a shout!
You hear a shout!
You feel something staring at you.
A fireball appears from out of thin air!
The fireball explodes!
The fireball engulfs you! You resist.
* * * LOW HITPOINT WARNING * * *
The eight-headed meat hydra calls on the powers of darkness!
The eight-headed meat hydra convulses!
Your body is wracked with pain!
* * * LOW HITPOINT WARNING * * *
You focus on the pain.
You feel mightier all of a sudden.
The eight-headed meat hydra convulses!
The bag of meat convulses!
The meat berserker convulses!
You hear a shout!
The tyrant casts a spell.
You hear a shout!
You feel something staring at you.
A fireball appears from out of thin air!
The fireball explodes!
The fireball engulfs you! You resist.
You die...

......... ..L #... .%.#
#..D #.......#
.....###... ...###..
...........###......
...#..o..§§§_......
.#...O.o.#§))))# .
......§§§§#o)<)_# ...
#D..§)@§#)))))#......
....#.§§X§).)_)W........
.....X.....###........
..XX..###.......###...
...XLX #.......# ..
.S..D #.....%.# .X.
......%.. .. ......%.L.
..........


You could see 3 tentacled monstrosities, 2 tyrants, 3 eight-headed meat hydras,
a scourge, 4 large abominations, a dread, a meat berserker (berserk) and 2 bags
of meat.

Vanquished Creatures
  6 hell beasts (D)
  3 greater mummies (D)
  6 great orbs of eyes (D)
  2 wraiths (D)
  Harold (D)
  7 vampire knights (D)
  24 ogres (D)
  A lich (D)
  A hydra (D)
  43 orcs (D)
  3 phantoms (D)
  7 hill giants (D)
  5 skeletal warriors (D)
  A sea snake (D)
  4 large abominations (D)
  2 soul eaters (D)
  A small abomination (D)
  4 crawling corpses (D)
121 creatures vanquished.

Vanquished Creatures (others)
  2 orcs (D)
  2 large abominations (D)
  3 crawling corpses (D)
7 creatures vanquished.

Grand Total: 128 creatures vanquished

Notes
Turn   | Place    | Note
--------------------------------------------------------------
     0 | D        | namelastname112, the Demonspawn Monk, began the quest for the Orb.
     0 | D        | Reached XP level 1. HP: 18/18 MP: 1/1
     3 | D        | Noticed a bag of meat
     4 | D        | Noticed a bag of meat
     4 | D        | Became a worshipper of Makhleb the Destroyer
     4 | D        | Acquired Makhleb's first power
     4 | D        | Acquired Makhleb's second power
     5 | D        | Noticed a bag of meat
     6 | D        | Noticed a bag of meat
     7 | D        | Noticed a bag of meat
     9 | D        | Noticed a meat berserker
     9 | D        | Killed a bag of meat
     9 | D        | Reached skill level 13 in Fighting
     9 | D        | Reached skill level 5 in Stealth
     9 | D        | Reached skill level 18 in Unarmed Combat
     9 | D        | Gained mutation: You are partially covered in rugged brown scales (AC +1, +3% HP). [demonic ancestry]
     9 | D        | Reached XP level 2. HP: 18/42 MP: 2/2
     9 | D        | Gained mutation: You have sharp fingernails. [demonic ancestry]
     9 | D        | Reached XP level 3. HP: 20/48 MP: 3/3
     9 | D        | Reached XP level 4. HP: 22/55 MP: 4/4
     9 | D        | Reached XP level 5. HP: 24/61 MP: 5/5
     9 | D        | Reached XP level 6. HP: 27/69 MP: 6/6
     9 | D        | Gained mutation: You have very sharp fingernails. [demonic ancestry]
     9 | D        | Reached XP level 7. HP: 29/75 MP: 7/7
     9 | D        | Gained mutation: You sometimes gain a little power by taking damage. [demonic ancestry]
     9 | D        | Reached XP level 8. HP: 31/82 MP: 8/8
     9 | D        | Reached XP level 9. HP: 33/88 MP: 9/9
     9 | D        | Gained mutation: You are mostly covered in rugged brown scales (AC +2, +5% HP). [demonic ancestry]
     9 | D        | Reached XP level 10. HP: 33/97 MP: 10/10
     9 | D        | Reached XP level 11. HP: 35/103 MP: 11/11
    10 | D        | Noticed a bag of meat
    10 | D        | Noticed a bag of meat
    10 | D        | Killed a bag of meat
    10 | D        | Reached skill level 15 in Fighting
    10 | D        | Reached skill level 21 in Unarmed Combat
    10 | D        | Gained mutation: You sometimes gain power by taking damage. [demonic ancestry]
    10 | D        | Reached XP level 12. HP: 37/116 MP: 12/12
    10 | D        | Killed a bag of meat
    10 | D        | Acquired Makhleb's third power
    10 | D        | Reached skill level 15 in Dodging
    10 | D        | Reached skill level 23 in Unarmed Combat
    10 | D        | Gained mutation: You are powered by pain. [demonic ancestry]
    10 | D        | Reached XP level 13. HP: 39/126 MP: 13/13
    11 | D        | Killed a bag of meat
    11 | D        | Reached skill level 24 in Unarmed Combat
    11 | D        | Gained mutation: You are completely covered in rugged brown scales (AC +3, +7% HP). [demonic ancestry]
    11 | D        | Reached XP level 14. HP: 91/139 MP: 14/14
    12 | D        | Noticed a bag of meat
    12 | D        | Killed a meat berserker
    12 | D        | Acquired Makhleb's fourth power
    12 | D        | Reached skill level 26 in Unarmed Combat
    12 | D        | Gained mutation: You have claws for hands. [demonic ancestry]
    12 | D        | Reached XP level 15. HP: 121/150 MP: 15/15
    12 | D        | Killed a bag of meat
    12 | D        | Reached skill level 27 in Unarmed Combat
    14 | D        | Noticed a bag of meat
    14 | D        | Killed a bag of meat
    15 | D        | Noticed a meat berserker
    15 | D        | Noticed a meat berserker
    15 | D        | Killed a bag of meat
    15 | D        | Acquired Makhleb's fifth power
    15 | D        | Reached XP level 16. HP: 147/170 MP: 16/16
    15 | D        | Killed a meat berserker
    16 | D        | Noticed a meat berserker
    16 | D        | Killed a bag of meat
    16 | D        | Gained mutation: You are partially covered in sharp spines. [demonic ancestry]
    16 | D        | Reached XP level 17. HP: 182/185 MP: 17/17
    17 | D        | Noticed a large bag of meat
    17 | D        | Noticed a meat berserker
    17 | D        | Noticed a destroyer
    18 | D        | Noticed a bag of meat
    19 | D        | Killed a meat berserker
    19 | D        | Reached skill level 27 in Fighting
    19 | D        | Reached skill level 27 in Dodging
    19 | D        | Killed a meat berserker
    19 | D        | Reached XP level 18. HP: 192/194 MP: 18/18
    20 | D        | Killed a meat berserker
    21 | D        | Killed a bag of meat
    21 | D        | Reached skill level 27 in Axes
    22 | D        | Killed a destroyer
    22 | D        | Reached skill level 27 in Stealth
    22 | D        | Gained mutation: Your flesh is heat resistant. [demonic ancestry]
    22 | D        | Reached XP level 19. HP: 202/202 MP: 19/19
    23 | D        | Noticed a bag of meat
    27 | D        | Noticed a meat berserker
    27 | D        | Noticed a bag of meat
    27 | D        | Noticed a meat berserker
    27 | D        | Killed a large bag of meat
    28 | D        | Noticed a bag of meat
    29 | D        | Killed a meat berserker
    29 | D        | Reached skill level 15 in Invocations
    32 | D        | Noticed a bag of meat
    32 | D        | Killed a meat berserker
    32 | D        | Gained mutation: You are immune to clouds of flame. [demonic ancestry]
    32 | D        | Reached XP level 20. HP: 185/210 MP: 20/38
    32 | D        | Killed a bag of meat
    32 | D        | Reached skill level 15 in Throwing
    32 | D        | Reached skill level 15 in Armour
    32 | D        | Reached skill level 15 in Spellcasting
    33 | D        | Noticed a bag of meat
    33 | D        | Killed a bag of meat
    34 | D        | Noticed a large bag of meat
    34 | D        | Noticed a bag of meat
    34 | D        | Killed a bag of meat
    35 | D        | Noticed a destroyer
    37 | D        | Noticed a meat berserker
    37 | D        | Noticed a sculptor of flesh
    37 | D        | Killed a bag of meat
    38 | D        | Noticed a bag of meat
    39 | D        | Noticed a meat berserker
    39 | D        | Noticed a large bag of meat
    39 | D        | Killed a destroyer
    39 | D        | Reached skill level 27 in Invocations
    39 | D        | Reached XP level 21. HP: 218/218 MP: 21/45
    40 | D        | Noticed a bag of meat
    40 | D        | Noticed a sculptor of flesh
    40 | D        | Noticed a bag of meat
    41 | D        | Noticed a meat berserker
    41 | D        | Killed a meat berserker
    41 | D        | Killed a bag of meat
    42 | D        | Noticed a destroyer
    42 | D        | Noticed a bag of meat
    42 | D        | Killed a meat berserker
    42 | D        | Gained mutation: You are mostly covered in sharp spines. [demonic ancestry]
    42 | D        | Reached XP level 22. HP: 211/226 MP: 22/51
    42 | D        | Killed a large bag of meat
    43 | D        | Noticed a bag of meat
    43 | D        | Noticed a destroyer
    43 | D        | Killed a large bag of meat
    44 | D        | Killed a meat berserker
    44 | D        | Reached skill level 27 in Throwing
    44 | D        | Reached skill level 27 in Armour
    44 | D        | Reached skill level 27 in Spellcasting
    44 | D        | Killed a bag of meat
    45 | D        | Noticed a sculptor of flesh
    46 | D        | Noticed a bag of meat
    46 | D        | Noticed a bag of meat
    46 | D        | Noticed a meat berserker
    46 | D        | Killed a destroyer
    46 | D        | Gained mutation: You can hurl blasts of hellfire. [demonic ancestry]
    46 | D        | Reached XP level 23. HP: 234/234 MP: 41/54
    46 | D        | Killed a destroyer
    46 | D        | Killed a bag of meat
    47 | D        | Noticed a bag of meat
    47 | D        | Killed a bag of meat
    47 | D        | Killed a sculptor of flesh
    48 | D        | Noticed The Servant
    48 | D        | Killed a sculptor of flesh
    49 | D        | Killed a bag of meat
    49 | D        | Reached XP level 24. HP: 242/242 MP: 42/54
    50 | D        | Noticed a tyrant
    50 | D        | Killed a meat berserker
    50 | D        | Killed a bag of meat
    51 | D        | Noticed a bag of meat
    51 | D        | Killed a bag of meat
    52 | D        | Killed a bag of meat
    53 | D        | Noticed a destroyer
    53 | D        | Killed a bag of meat
    54 | D        | Noticed a meat berserker
    55 | D        | Noticed a meat berserker
    55 | D        | Killed a tyrant
    55 | D        | Reached XP level 25. HP: 250/250 MP: 43/54
    56 | D        | Killed a bag of meat
    56 | D        | Killed a bag of meat
    56 | D        | Killed a destroyer
    56 | D        | Killed a sculptor of flesh
    57 | D        | Noticed a bag of meat
    57 | D        | Noticed a tyrant
    57 | D        | Noticed a meat beast
    58 | D        | Noticed an accursed
    58 | D        | Killed The Servant
    58 | D        | Reached XP level 26. HP: 189/258 MP: 54/54
    59 | D        | Killed a meat berserker
    60 | D        | Noticed a dread
    60 | D        | Noticed a meat beast
    61 | D        | Killed a meat beast
    63 | D        | Killed a bag of meat
    64 | D        | Killed an accursed
    64 | D        | Gained mutation: You are completely covered in sharp spines. [demonic ancestry]
    64 | D        | Reached XP level 27. HP: 266/266 MP: 54/54
    66 | D        | Noticed a meat beast
    66 | D        | Noticed a meat berserker
    66 | D        | Noticed a destroyer
    66 | D        | Noticed a large bag of meat
    67 | D        | Noticed a meat berserker
    67 | D        | Noticed a meat berserker
    67 | D        | Killed a meat berserker
    68 | D        | Noticed a meat berserker
    68 | D        | Noticed a meat beast
    68 | D        | Killed a meat beast
    69 | D        | Noticed a meat beast
    69 | D        | Noticed a meat beast
    70 | D        | Noticed a bag of meat
    70 | D        | Noticed a meat berserker
    70 | D        | Killed a meat beast
    70 | D        | Killed a meat beast
    71 | D        | Noticed an eight-headed meat hydra
    72 | D        | Noticed a bag of meat
    72 | D        | Noticed a bag of meat
    72 | D        | Noticed a meat berserker
    72 | D        | Killed a meat berserker
    72 | D        | Killed a destroyer
    73 | D        | Noticed a bag of meat
    73 | D        | Noticed a dread
    73 | D        | Killed a meat berserker
    74 | D        | Noticed a bag of meat
    74 | D        | Noticed a bag of meat
    74 | D        | Killed a meat berserker
    76 | D        | Noticed a bag of meat
    76 | D        | Noticed a meat berserker
    76 | D        | Noticed a large bag of meat
    76 | D        | Killed a meat berserker
    76 | D        | Killed a large bag of meat
    76 | D        | Killed a dread
    77 | D        | Noticed a bag of meat
    77 | D        | Killed a bag of meat
    78 | D        | Noticed a bag of meat
    78 | D        | Noticed a meat berserker
    78 | D        | Killed a meat berserker
    79 | D        | Noticed a bag of meat
    79 | D        | Noticed a sculptor of flesh
    79 | D        | Killed a bag of meat
    80 | D        | Noticed a meat berserker
    80 | D        | Killed a sculptor of flesh
    81 | D        | Noticed a bag of meat
    81 | D        | Noticed a destroyer
    81 | D        | Killed a nine-headed meat hydra
    82 | D        | Killed a meat berserker
    83 | D        | Noticed a bag of meat
    83 | D        | Killed a bag of meat
    83 | D        | Killed a bag of meat
    84 | D        | Killed a meat berserker
    84 | D        | Killed a bag of meat
    85 | D        | Noticed a bag of meat
    85 | D        | Killed a meat berserker
    86 | D        | Noticed a sculptor of flesh
    86 | D        | Killed a bag of meat
    86 | D        | Noticed a bag of meat
    86 | D        | Noticed a bag of meat
    88 | D        | Killed a wretched soul
    88 | D        | Killed a sculptor of flesh
    89 | D        | Noticed a bag of meat
    89 | D        | Killed a destroyer
    89 | D        | Killed a meat berserker
    89 | D        | Killed a wretched soul
    89 | D        | Killed a bag of meat
    90 | D        | Killed a bag of meat
    90 | D        | Killed an observer
    90 | D        | Killed an observer
    91 | D        | Killed a bag of meat
    92 | D        | Noticed a meat berserker
    93 | D        | Killed a large bag of meat
    93 | D        | Killed a bag of meat
    95 | D        | Killed a dread
    96 | D        | Killed a meat berserker
    96 | D        | Killed a bag of meat
    96 | D        | Killed a wretched soul
    98 | D        | Killed a bag of meat
    98 | D        | Killed a bag of meat
   100 | D        | Noticed a bag of meat
   100 | D        | Noticed an accursed
   100 | D        | Noticed a bag of meat
   100 | D        | Noticed a large bag of meat
   100 | D        | Noticed an accursed
   102 | D        | Killed an observer
   102 | D        | Killed a bag of meat
   102 | D        | Killed an observer
   102 | D        | Killed an observer
   103 | D        | Noticed a bag of meat
   103 | D        | Killed a bag of meat
   104 | D        | Noticed a meat berserker
   104 | D        | Noticed a bag of meat
   104 | D        | Killed an accursed
   104 | D        | Killed a bag of meat
   105 | D        | Noticed a tyrant
   106 | D        | Noticed a bag of meat
   106 | D        | Killed a bag of meat
   106 | D        | Killed a large bag of meat
   107 | D        | Noticed a large bag of meat
   107 | D        | Killed a bag of meat
   107 | D        | Killed an accursed
   108 | D        | Killed a meat beast
   109 | D        | Noticed a bag of meat
   110 | D        | Noticed a meat berserker
   110 | D        | Noticed a dread
   110 | D        | Killed a meat berserker
   110 | D        | Killed a meat beast
   110 | D        | Killed a bag of meat
   111 | D        | Killed a bag of meat
   111 | D        | Killed an observer
   112 | D        | Noticed a bag of meat
   113 | D        | Noticed a tyrant
   113 | D        | Killed a large bag of meat
   113 | D        | Killed from afar by an observer

Action                   |  1- 3 |  4- 6 |  7- 9 | 10-12 | 13-15 | 16-18 | 19-21 | 22-24 | 25-27 || total
-------------------------+-------+-------+-------+-------+-------+-------+-------+-------+-------++-------
Melee: Executioner's axe |     1 |       |       |     1 |     4 |     5 |     9 |    11 |    41 ||    72
 Stab: Distracted        |       |       |       |       |       |       |       |       |     1 ||     1
